 Dungeon Crawl Stone Soup version 0.30-a0-585-g93115170b9 (webtiles) character file.

Game seed: 4099473885434583183

455 karrick the Ducker (level 7, 0/56 HPs)
             Began as a Gnoll Gladiator on Jan 1, 2023.
             Killed by nerve-wracking pain
             ... invoked by Grinder
              (7 damage)
             ... in a sewer.
             The game lasted 00:08:28 (3082 turns).

karrick the Ducker (Gnoll Gladiator)                Turns: 3082, Time: 00:08:29

Health: 0/56       AC:  4    Str: 13    XL:     7   Next: 5%
Magic:  10/10      EV: 15    Int:  8    God:
Gold:   156        SH:  0    Dex: 15    Spells: 10/10 levels left

rFire   . . .      SeeInvis .    o - +3 whip (drain)
rCold   . . .      Faith    .    (no shield)
rNeg    . . .      Spirit   .    b - +0 leather armour
rPois   .          Reflect  .    c - +0 helmet
rElec   .          Harm     .    (no cloak)
rCorr   .          Rampage  .    (no gloves)
Will    .....                    (no boots)
Stlth   ++                       (no amulet)
HPRegen 0.29/turn                (no ring)
MPRegen 0.12/turn                (no ring)

@: studying Stealth
A: fangs 1, strong nose, distributed training, hooves 1, deterioration 1, sense
surroundings 1
a: no special abilities


You were in a sewer.
You visited 1 branch of the dungeon, and saw 4 of its levels.
You also visited: Sewer.

You collected 156 gold pieces.

Inventory:

Hand Weapons
 a - a +0 war axe
 h - a +2 dagger of protection
 o - a +3 whip of draining (weapon)
 p - a +2 dagger of protection
Missiles
 d - 3 throwing nets (quivered)
 e - a javelin
Armour
 b - a +0 leather armour (worn)
 c - a +0 helmet (worn)
Jewellery
 n - a ring of wizardry
Wands
 u - a wand of flame (7)
Scrolls
 f - 2 scrolls of enchant armour {unknown}
 i - a scroll of blinking {unknown}
 j - 2 scrolls of immolation {unknown}
 k - a scroll of enchant weapon {unknown}
 l - 5 scrolls of identify {unknown}
 m - 2 scrolls of fog {unknown}
 q - a scroll of torment {unknown}
 r - 3 scrolls of teleportation {unknown}
 s - a scroll of noise {unknown}
 t - a scroll of magic mapping {unknown}


   Skills:
 + Level 5.1 Fighting
 + Level 2.3 Short Blades
 + Level 2.3 Long Blades
 + Level 7.0 Axes
 + Level 2.3 Maces & Flails
 + Level 2.3 Polearms
 + Level 2.3 Staves
 + Level 2.3 Ranged Weapons
 + Level 5.1 Throwing
 + Level 2.3 Armour
 + Level 7.0 Dodging
 + Level 3.3 Stealth
 + Level 2.3 Shields
 + Level 2.3 Unarmed Combat
 + Level 2.3 Spellcasting
 + Level 1.9 Conjurations
 + Level 1.9 Hexes
 + Level 1.9 Summonings
 + Level 1.9 Necromancy
 + Level 1.9 Translocations
 + Level 1.9 Transmutations
 + Level 1.9 Fire Magic
 + Level 1.9 Ice Magic
 + Level 1.9 Air Magic
 + Level 1.9 Earth Magic
 + Level 1.9 Poison Magic
 + Level 2.5 Invocations
 + Level 2.3 Evocations


You had 10 spell levels left.
You didn't know any spells.
Your spell library contained the following spells:

 Spells                   Type           Power      Damage    Failure   Level
 Gell's Gravitas          Tloc           4%         N/A       52%         3
 Lesser Beckoning         Tloc           8%         N/A       52%         3
 Teleport Other           Tloc           4%         N/A       52%         3


Dungeon Overview and Level Annotations

Branches:
Dungeon (4/15)              Sewer (1/1)
 Temple: D:4-7

Altars:
Sif Muna
Wu Jian

Annotations:
Sewer Grinder


Innate Abilities, Weirdness & Mutations

You have very sharp teeth.
Your uncanny sense of smell can sniff out nearby items.
Your experience applies equally to all skills.
You have large cloven feet.
Your body sometimes deteriorates upon taking damage.
You passively map a small area around you.


Message History

The kobold zombie hits you but does no damage.
You can move again.
You see here a kobold corpse.
You barely miss the kobold zombie. You bite the kobold zombie.
The kobold zombie is moderately damaged.
The kobold zombie hits you.
You hit the kobold zombie. Your bite misses the kobold zombie.
The kobold zombie is almost destroyed.
The kobold zombie closely misses you.
You closely miss the kobold zombie. You bite the kobold zombie.
You destroy the kobold zombie!
Grinder gestures at you. Pain shoots through your body!
You closely miss Grinder.
Grinder is severely wounded.
Grinder completely misses you.
Okay, then.
You closely miss Grinder.
Grinder is severely wounded.
Grinder barely misses you.
You hit Grinder.
Grinder is severely wounded.
Grinder hits you!
* * * LOW HITPOINT WARNING * * *
You writhe in agony.
* * * LOW HITPOINT WARNING * * *
You barely miss Grinder.
Grinder is severely wounded.
Grinder barely misses you.
It was a potion of mutation.
You feel extremely strange.
Your feet thicken and deform.
You feel yourself wasting away.
You feel a strange attunement to the structure of the dungeons.
Grinder says, "I used to sell toenails on the black market."
Grinder hits you.
* * * LOW HITPOINT WARNING * * *
You closely miss Grinder. You kick Grinder.
Grinder is almost dead.
Grinder gestures at you. Pain shoots through your body!
You die...

* ~ ≈~#..⌠.⌠..#≈≈≈~≈~
*∆ ..'.......'......∆*
∆∆ ..'.⌠._.⌠.'.K.5..∆∆
* *∆ '.......'..5.Z.∆*
~ ~ #...⌠...#≈~≈≈~≈*
###)..### #####
#############)#########
#≈≈≈#≈≈≈≈≈≈#..5#≈≈~≈≈≈#
#≈≈~.≈~~~≈~....@~~)~~~#
#~.~#))....#...#......#
#~ ~#'#######≈#######+#
~ ~#......#≈≈≈#......#
#~~~~..#≈≈≈#..~~~~#
#≈≈≈~~...≈...~≈≈≈≈#
#≈≈≈~~~#...#≈~~≈≈≈#
#≈≈≈≈≈≈≈...#~~≈≈≈≈# *
#≈≈≈≈≈≈#))†#≈≈≈≈≈≈#


You could see Grinder.

Vanquished Creatures
  2 ogres (D:4)
  A wight (Sewer)
  Jessica (D:3)
  Ijyb (D:3)
  2 gnolls (D:4)
  6 adders
  2 shadow imps (Sewer)
  4 ufetubi
  2 worms
  A dart slug (D:3)
  3 ball pythons
  5 endoplasms
  3 giant cockroaches
  7 goblins
  2 hobgoblins
  13 kobolds
  3 quokkas
  3 bats
  A frilled lizard (D:1)
  3 kobold zombies (Sewer)
  11 rats
76 creatures vanquished.

Vanquished Creatures (others)
  A kobold (D:4)
1 creature vanquished.

Grand Total: 77 creatures vanquished

Notes
Turn   | Place    | Note
-------+----------+-------------------------------------------
     0 | D:1      | karrick the Gnoll Gladiator began the quest for the Orb.
     0 | D:1      | Reached XP level 1. HP: 20/20 MP: 1/1
   207 | D:1      | You fall into a shaft and drop 1 floor!
   325 | D:3      | Reached XP level 2. HP: 14/26 MP: 2/2
   394 | D:3      | Found an ornate altar of the Wu Jian Council.
   505 | D:3      | Reached XP level 3. HP: 25/31 MP: 3/3
   577 | D:3      | Found a shimmering blue altar of Sif Muna.
   664 | D:3      | Reached skill level 1 in Stealth
   664 | D:3      | Reached skill level 1 in Invocations
   728 | D:3      | Noticed Jessica
   739 | D:3      | Killed Jessica
   740 | D:3      | Reached skill level 1 in Short Blades
   740 | D:3      | Reached skill level 1 in Long Blades
   740 | D:3      | Reached skill level 1 in Maces & Flails
   740 | D:3      | Reached skill level 1 in Polearms
   740 | D:3      | Reached skill level 1 in Staves
   740 | D:3      | Reached skill level 1 in Ranged Weapons
   740 | D:3      | Reached skill level 1 in Armour
   740 | D:3      | Reached skill level 1 in Shields
   740 | D:3      | Reached skill level 1 in Unarmed Combat
   740 | D:3      | Reached skill level 1 in Spellcasting
   740 | D:3      | Reached skill level 1 in Evocations
   740 | D:3      | Reached XP level 4. HP: 21/38 MP: 5/5
  1042 | D:2      | Reached skill level 1 in Conjurations
  1042 | D:2      | Reached skill level 1 in Hexes
  1042 | D:2      | Reached skill level 1 in Summonings
  1042 | D:2      | Reached skill level 1 in Necromancy
  1042 | D:2      | Reached skill level 1 in Translocations
  1042 | D:2      | Reached skill level 1 in Transmutations
  1042 | D:2      | Reached skill level 1 in Fire Magic
  1042 | D:2      | Reached skill level 1 in Ice Magic
  1042 | D:2      | Reached skill level 1 in Air Magic
  1042 | D:2      | Reached skill level 1 in Earth Magic
  1042 | D:2      | Reached skill level 1 in Poison Magic
  1515 | D:1      | Found a faded altar of an unknown god.
  1854 | D:3      | Noticed Ijyb
  1873 | D:3      | Killed Ijyb
  1874 | D:3      | Reached XP level 5. HP: 22/43 MP: 5/7
  2404 | D:4      | Noticed an ogre
  2420 | D:4      | Killed an ogre
  2421 | D:4      | Reached XP level 6. HP: 50/50 MP: 8/8
  2519 | D:4      | Reached skill level 5 in Fighting
  2519 | D:4      | Reached skill level 5 in Throwing
  2526 | D:4      | Found a glowing drain.
  2594 | Sewer    | Entered a sewer
  2885 | Sewer    | Found an ancient bone altar of Kikubaaqudgha.
  2902 | Sewer    | Reached XP level 7. HP: 36/56 MP: 10/10
  3007 | Sewer    | Noticed Grinder
  3055 | Sewer    | Paralysed by Grinder for 4 turns
  3066 | Sewer    | Paralysed by Grinder for 5 turns
  3081 | Sewer    | Gained mutation: You have large cloven feet. [potion of
                  | mutation]
  3081 | Sewer    | Gained mutation: Your body sometimes deteriorates upon
                  | taking damage. [potion of mutation]
  3081 | Sewer    | Gained mutation: You passively map a small area around you.
                  | [potion of mutation]
  3082 | Sewer    | Killed from afar by Grinder

Illustrated notes

Levels and vault maps discovered:
D:1:      dpeg_arrival_snail, layout_basic, ebering_ecumenical_altar_box
D:2:      layout_loops_ring, minmay_rat_hole, uniq_robin
D:3:      layout_rooms, nicolae_wu_jian_immortal_techniques,
          lemuel_doored_altar, minivault_26, kennysheep_donut,
          kennysheep_minor_cross, uniq_jessica, uniq_ijyb
D:4:      layout_loops_ring, portal_sewer_entry_d
Sewer:    kennysheep_sewer_church

Skill      XL: |  1  2  3  4  5  6 |
---------------+-------------------+-----
Stealth        | 1 2 3 |  3.3
Invocations    | 1 2 |  2.5
Short Blades   | 1 2 |  2.3
Long Blades    | 1 2 |  2.3
Maces & Flails | 1 2 |  2.3
Polearms       | 1 2 |  2.3
Staves         | 1 2 |  2.3
Ranged Weapons | 1 2 |  2.3
Armour         | 1 2 |  2.3
Shields        | 1 2 |  2.3
Unarmed Combat | 1 2 |  2.3
Spellcasting   | 1 2 |  2.3
Evocations     | 1 2 |  2.3
Conjurations   | 1 |  1.9
Hexes          | 1 |  1.9
Summonings     | 1 |  1.9
Necromancy     | 1 |  1.9
Translocations | 1 |  1.9
Transmutations | 1 |  1.9
Fire Magic     | 1 |  1.9
Ice Magic      | 1 |  1.9
Air Magic      | 1 |  1.9
Earth Magic    | 1 |  1.9
Poison Magic   | 1 |  1.9
Fighting       | 5 |  5.1
Throwing       | 5 |  5.1
Axes           | 7 |  7.0
Dodging        | 7 |  7.0

Action                   |  1- 3 |  4- 6 |  7- 9 || total
-------------------------+-------+-------+-------++-------
Melee: War axe           |    12 |       |       ||    12
       Dagger            |    49 |    38 |       ||    87
       Bite              |    12 |    10 |     6 ||    28
       Whip              |       |   145 |    36 ||   181
       Punch             |       |     2 |       ||     2
       Kick              |       |       |     1 ||     1
Throw: Throwing net      |     1 |       |       ||     1
  Use: Potion            |       |     2 |     1 ||     3
 Stab: Sleeping          |       |     3 |       ||     3
Armor: Leather armour    |    27 |    47 |    13 ||    87
Dodge: Dodged            |    51 |   152 |    24 ||   227

Table legend: (Time is in decaauts)
 A = Elapsed time spent in this place.
 B = Non-inter-level travel time spent in this place.
 C = Inter-level travel time spent in this place.
 D = Time resting spent in this place.
 E = Time spent auto-exploring this place.
 F = Levels seen in this place.
 G = Mean time per level.
                   A        B        C        D        E       F      G
               +--------+--------+--------+--------+--------+-----+--------+
         Total |   3109 |   3002 |    107 |    165 |   1849 |   5 |  621.8 |
       Dungeon |   2608 |   2501 |    107 |    110 |   1566 |   4 |  652.0 |
         Sewer |    500 |    500 |      0 |     55 |    283 |   1 |  500.0 |
               +--------+--------+--------+--------+--------+-----+--------+

Top non-repeatable levels by time:
     D:3: 1038 daAuts
     D:1: 765 daAuts
     D:4: 508 daAuts
   Sewer: 500 daAuts
     D:2: 296 daAuts
